 Dungeon Crawl Stone Soup version 0.24-b1-48-gd9db55c (webtiles) character file.

Game seed: 5560234257966242894, levelgen mode: deterministic

6142 Fang the Fighter (level 10, 0/68 HPs)
             Began as a Gargoyle Berserker on Oct 24, 2019.
             Was an Elder of Trog.
             Slain by an ogre
             ... wielding a +0 giant club
              (13 damage)
             ... on level 9 of the Dungeon.
             The game lasted 00:12:50 (9201 turns).

Fang the Fighter (Gargoyle Berserker)               Turns: 9201, Time: 00:12:51

Health: 0/68       AC: 25    Str: 25    XL:     10   Next: 90%
Magic:  10/10      EV:  9    Int:  7    God:    Trog [****..]
Gold:   629        SH:  0    Dex:  9    Spells: 9/9 levels left

rFire    . . .     SeeInvis .   a - +4 war axe
rCold    . . .     Gourm    .   (no shield)
rNeg     + . .     Faith    .   b - +0 plate armour
rPois    ∞         Spirit   .   B - +2 hat
rElec    +         Reflect  .   (no cloak)
rCorr    .         Harm     .   (no gloves)
MR       +++..                  (no boots)
Stlth    ..........             (no amulet)
HPRegen  1.21/turn              A - ring of protection from magic
MPRegen  0.12/turn              t - +3 ring of protection

@: berserk cooldown, regenerating
A: negative energy resistance 1, electricity resistance, unbreathing,
petrification resistance, rot immunity, AC +7
a: Berserk, Trog's Hand, Brothers in Arms, Renounce Religion


You were on level 9 of the Dungeon.
You worshipped Trog.
Trog was greatly pleased with you.
You were very hungry.

You visited 2 branches of the dungeon, and saw 10 of its levels.

You collected 629 gold pieces.

Inventory:

Hand Weapons
 a - a +4 war axe (weapon)
Missiles
 x - 7 silver boomerangs (quivered)
Armour
 b - a +0 plate armour (worn)
 B - a +2 hat (worn)
Jewellery
 r - a cursed -2 ring of protection
 t - a +3 ring of protection (right hand)
 A - a ring of protection from magic (left hand)
 E - an uncursed ring of magical power
Wands
 m - a wand of iceblast (6)
 q - a wand of random effects (21)
 w - a wand of disintegration (27)
 y - a wand of flame (38)
 z - a wand of polymorph (7)
Scrolls
 f - a scroll of magic mapping
 i - 2 scrolls of fog
 j - a scroll of teleportation
 k - 4 scrolls of identify
 o - 2 scrolls of remove curse
 D - a scroll of summoning
Potions
 d - a potion of might
 e - 3 potions of cancellation
 g - 2 potions of lignification {unknown}
 h - 3 potions of curing
 l - 6 potions of heal wounds
 n - 2 potions of agility
 s - a potion of resistance
 C - 5 potions of flight
Comestibles
 c - 23 rations
 p - 6 chunks of flesh


   Skills:
 * Level 10.3 Fighting
 * Level 8.7 Axes
 + Level 8.1 Armour
 + Level 6.1 Dodging


You had 9 spell levels left.
You didn't know any spells.
Your spell library was empty.

Dungeon Overview and Level Annotations

Branches:
Dungeon (9/15)             Temple (1/1) D:4
   Lair: D:8-11         Orc: D:9-12

Altars:
Cheibriados
Dithmenos
Elyvilon
Fedhas
Gozag
Hepliaklqana
Makhleb
Nemelex Xobeh
Sif Muna
Trog
Uskayaw
Wu Jian
Xom
Yredelemnul
Zin
The Shining One

Shops:
D:5 [   D:7 !


Innate Abilities, Weirdness & Mutations

You are resistant to torment.
Your stone body is resilient. (AC +7)
You are immune to poison.
You resist negative energy. (rN+)
You are resistant to electric shocks. (rElec)
You can survive without breathing.
You are immune to petrification.
You are immune to rotting.


Message History

Okay, then.
You feel the effects of Trog's Hand fading.
The worker ant twitches its antennae in your direction.
The crimson imp blinks!
The worker ant bites you. x2
You slash the worker ant!
The worker ant is heavily wounded.
You hit the steam dragon.
The steam dragon bites you but does no damage.
The steam dragon claws you.
The worker ant bites you but does no damage.
You slice the worker ant!!
You kill the worker ant!
Trog accepts your kill.
You closely miss the ogre. You closely miss the steam dragon.
The steam dragon breathes steam at you. The ball of steam hits you!
* * * LOW HITPOINT WARNING * * *
The ogre hits you with a +0 giant club!
You die...

###### ..... ...# .#
###.§# .####
#...§#####...).
#.##.#.@##>.....# #
#.....OD##......##?.
#..........=........
####.##.##§..)......
#. #†##.[.(...... #
#...O††.......
#......###..........
#}###.. #.....§;...
#.. #.....§§..≈


You could see a steam dragon and an ogre.

Vanquished Creatures
  A two-headed ogre (D:8)
  Maurice (D:8)
  Psyche (D:8)
  A troll (D:9)
  A hippogriff (D:8)
  A steam dragon (D:7)
  Menkaure (D:7)
  A water moccasin (D:6)
  The ghost of DeadEndRoad the Fighter, an amateur GnWn (D:6)
  An orc warrior (D:8)
  2 sky beasts
  An ice beast (D:6)
  A black bear (D:6)
  A necrophage (D:9)
  6 phantoms
  2 centaurs
  5 ogres
  4 wolves (D:9)
  3 big kobolds
  Blork the orc (D:5)
  4 bullfrogs
  A wyvern skeleton (D:7)
  2 scorpions (D:8)
  5 killer bees (D:7)
  A howler monkey (D:8)
  2 crimson imps
  5 hounds
  A bullfrog zombie (D:7)
  4 orc priests
  3 orc wizards
  A bullfrog skeleton (D:7)
  A gnoll shaman (D:5)
  Jessica (D:3)
  3 iguanas
  5 worker ants
  A hound skeleton (D:7)
  Robin (D:3)
  12 gnolls
  9 adders
  4 oozes
  3 worms
  A dart slug (D:4)
  2 leopard geckos
  34 orcs
  4 giant cockroaches
  15 goblins
  17 hobgoblins
  3 jackals (D:2)
  18 kobolds
  A quokka (D:6)
  3 ball pythons
  6 frilled lizards
  A leopard gecko zombie (D:6)
  A quokka skeleton (D:4)
  5 rats
216 creatures vanquished.

Vanquished Creatures (collateral kills)
  A kobold (D:7)
1 creature vanquished.

Vanquished Creatures (others)
  An orc wizard (D:4)
1 creature vanquished.

Grand Total: 218 creatures vanquished

Notes
Turn   | Place    | Note
-------+----------+-------------------------------------------
     0 | D:1      | Fang the Gargoyle Berserker began the quest for the Orb.
     0 | D:1      | Reached XP level 1. HP: 14/14 MP: 1/1
   225 | D:1      | Reached XP level 2. HP: 16/19 MP: 2/2
   650 | D:2      | Found a white marble altar of Elyvilon.
   720 | D:2      | Reached XP level 3. HP: 14/24 MP: 3/3
  1334 | D:2      | Reached ** piety under Trog
  1334 | D:2      | Reached skill level 4 in Fighting
  1334 | D:2      | Reached XP level 4. HP: 20/29 MP: 4/4
  1944 | D:3      | Reached XP level 5. HP: 26/33 MP: 5/5
  1954 | D:3      | Found a snail-covered altar of Cheibriados.
  2137 | D:3      | Noticed Jessica
  2143 | D:3      | Killed Jessica
  2340 | D:3      | Noticed Robin
  2347 | D:3      | Killed Robin
  2584 | D:3      | Reached XP level 6. HP: 33/39 MP: 6/6
  2956 | D:4      | HP: 2/40 [gnoll/+0 spear (3)]
  2961 | D:4      | HP: 1/40 [gnoll (4)]
  3388 | D:4      | Reached skill level 5 in Fighting
  3388 | D:4      | Reached XP level 7. HP: 41/44 MP: 7/7
  3432 | D:4      | Found a staircase to the Ecumenical Temple.
  3444 | Temple   | Entered the Ecumenical Temple
  3669 | D:4      | Reached *** piety under Trog
  4593 | D:4      | Found a glowing silver altar of Zin.
  4594 | D:4      | Found an opulent altar of Gozag.
  4743 | D:5      | Entered Level 5 of the Dungeon
  4756 | D:5      | Received a gift from Trog
  4784 | D:5      | Reached skill level 5 in Armour
  4811 | D:5      | Noticed Blork the orc
  5092 | D:5      | Killed Blork the orc
  5386 | D:5      | Reached XP level 8. HP: 19/51 MP: 8/8
  5647 | D:5      | Found a shimmering blue altar of Sif Muna.
  5680 | D:5      | Found a hazy altar of Hepliaklqana.
  5816 | D:5      | Found Juoprum's Antique Armour Shoppe.
  5965 | D:5      | Found a white marble altar of Elyvilon.
  6315 | D:6      | Reached skill level 6 in Fighting
  6315 | D:6      | Reached skill level 5 in Axes
  6372 | D:6      | Found a runed translucent gate.
  6492 | D:6      | Noticed DeadEndRoad's ghost (amateur GnWn)
  6494 | D:6      | Found a runed translucent gate.
  6494 | D:6      | Found a runed translucent gate.
  6641 | D:6      | Killed DeadEndRoad's ghost
  6663 | D:6      | Reached skill level 7 in Fighting
  6737 | D:6      | Reached XP level 9. HP: 57/57 MP: 9/9
  6800 | D:6      | Reached **** piety under Trog
  6963 | D:6      | Found a burning altar of Makhleb.
  6967 | D:6      | Found a shimmering altar of Xom.
  7330 | D:7      | Found Raxzo's Distillery.
  7354 | D:7      | Reached skill level 8 in Fighting
  7512 | D:7      | Reached skill level 5 in Dodging
  7772 | D:7      | Noticed Menkaure
  7779 | D:7      | Killed Menkaure
  8219 | D:7      | Reached XP level 10. HP: 52/65 MP: 10/10
  8223 | D:7      | Found an ornate altar of the Wu Jian Council.
  8228 | D:7      | Found a hazy altar of Hepliaklqana.
  8229 | D:7      | Found a bloodstained altar of Trog.
  8229 | D:7      | Found a blossoming altar of Fedhas.
  8246 | D:7      | Found a glowing golden altar of the Shining One.
  8483 | D:8      | Noticed Maurice
  8503 | D:8      | Killed Maurice
  8503 | D:8      | Reached skill level 9 in Fighting
  8626 | D:8      | Found a hide-covered altar of Uskayaw.
  8821 | D:8      | Noticed Psyche
  8827 | D:8      | Killed Psyche
  8894 | D:8      | Noticed a two-headed ogre
  8901 | D:8      | Killed a two-headed ogre
  9165 | D:9      | Reached skill level 10 in Fighting
  9172 | D:9      | Reached ***** piety under Trog
  9201 | D:9      | Slain by an ogre

Skill      XL: |  1  2  3  4  5  6  7  8  9 10 |
---------------+-------------------------------+-----
Axes           | 3 4 6 7 8 |  8.7
Dodging        | 2 3 4 5 6 |  6.1
Armour         | 3 4 5 6 7 8 |  8.1
Fighting       | 4 5 7 8 10 | 10.3

Action                   |  1- 3 |  4- 6 |  7- 9 | 10-12 || total
-------------------------+-------+-------+-------+-------++-------
Melee: Hand axe          |   110 |   195 |   165 |       ||   470
       War axe           |       |       |   364 |   112 ||   476
Throw: Boomerang         |       |       |       |     2 ||     2
Invok: Berserk           |     2 |     5 |     5 |     3 ||    15
       Trog's Hand       |       |     2 |       |     1 ||     3
  Use: Scroll            |       |       |    21 |       ||    21
       Potion            |       |       |       |     1 ||     1
 Stab: Distracted        |       |     1 |       |       ||     1
  Eat: Chunk             |     2 |    13 |    16 |     3 ||    34
       Ration            |       |       |     1 |     1 ||     2
Armor: Animal skin       |    42 |    65 |    71 |       ||   178
       Chain mail        |       |       |   284 |    28 ||   312
       Plate armour      |       |       |       |    81 ||    81
Dodge: Dodged            |    68 |   119 |   330 |    74 ||   591
